 Dungeon Crawl Stone Soup version 0.20.0-4-g10b340a (webtiles) character file.

454 Inarius the Stinger (level 6, -6/46 HPs)
             Began as a Draconian Venom Mage on May 27, 2017.
             Was a Follower of Sif Muna.
             Killed by divine providence
             ... invoked by an orc priest
              (12 damage)
             ... on level 4 of the Dungeon.
             The game lasted 00:15:25 (4570 turns).

Inarius the Stinger (Draconian Venom Mage)          Turns: 4570, Time: 00:15:26

Health: -6/46      AC:  6    Str: 11    XL:     6   Next: 76%
Magic:  5/11       EV: 12    Int: 17    God:    Sif Muna [*.....]
Gold:   129        SH:  4    Dex: 11    Spells: 5/12 levels left

rFire    . . .     SeeInvis .   q - +2 falchion (protect)
rCold    + . .     Gourm    .   n - +0 buckler
rNeg     . . .     Faith    .   (armour unavailable)
rPois    .         Spirit   .   (helmet restricted)
rElec    .         Reflect  .   (no cloak)
rCorr    .         Harm     .   (no gloves)
MR       .....                  (no boots)
Stlth    +++.......             (no amulet)
Regen    0.2/turn               (no ring)
MPRegen  0.2/turn               (no ring)

@: very slightly contaminated
A: unfitting armour, camouflage 1, cold resistance 1, cold-blooded, AC +6
a: Divine Energy, Renounce Religion


You were on level 4 of the Dungeon.
You worshipped Sif Muna.
Sif Muna was aware of your devotion.
You were not hungry.

You visited 1 branch of the dungeon, and saw 4 of its levels.

You collected 129 gold pieces.

Inventory:

Hand Weapons
 j - a +3 hand axe
 q - a +2 falchion of protection (weapon)
Armour
 n - a +0 buckler (worn)
Wands
 l - a wand of lightning (7/15)
 t - a wand of polymorph (8/24)
 v - a wand of confusion (17/48)
Scrolls
 d - 6 scrolls of remove curse
 h - a scroll of fear
 o - a scroll of recharging {unknown}
 r - a scroll of enchant armour {unknown}
 w - a scroll of random uselessness {unknown}
 x - a scroll of noise {unknown}
Potions
 c - 2 potions of heal wounds
 e - a potion of cancellation {unknown}
 f - a potion of flight
 g - a potion of curing {unknown}
 i - a potion of resistance
 k - a potion of lignification {unknown}
 p - 4 potions of magic {unknown}
 s - a potion of might {unknown}
Books
 a - a Young Poisoner's Handbook

   Spells                             Type                      Level
   a - Sting                          Conjuration/Poison           1
   b - Poisonous Vapours              Poison/Air                   2
   c - Mephitic Cloud                 Conjuration/Poison/Air       3
   d - Olgreb's Toxic Radiance        Poison                       4
   e - Venom Bolt                     Conjuration/Poison           5
Comestibles
 b - 4 bread rations
 m - a fruit
 u - a meat ration


   Skills:
 + Level 0.9 Fighting
 + Level 2.3 Dodging
 - Level 1.7 Stealth
 * Level 2.1 Shields
 + Level 3.6 Spellcasting
 * Level 3.0 Conjurations
 * Level 2.6 Air Magic
 + Level 3.9 Poison Magic
 * Level 1.7 Evocations


You had 5 spell levels left.
You knew the following spells:

 Your Spells              Type           Power        Failure   Level  Hunger
a - Sting                 Conj/Pois      ##..         4%          1    None
b - Poisonous Vapours     Pois/Air       ##....       9%          2    ##.....
c - Olgreb's Toxic Radia  Pois           ###.....     38%         4    ####...


Dungeon Overview and Level Annotations

Branches:
Dungeon (4/15)
 Temple: D:4-7

Altars:
Ashenzari
Elyvilon
Fedhas
Makhleb
Nemelex Xobeh
Okawaru
Sif Muna
Trog

Shops:
D:4 %


Innate Abilities, Weirdness & Mutations

Your plain brown scales are hard. (AC +6)
You cannot fit into any form of body armour.
You are cold-blooded and may be slowed by cold attacks.
Your skin changes colour to match your surroundings (Stealth+).
Your flesh is cold resistant. (rC+)


Message History

Your vision is briefly tinged with green.
The orc wizard hits you but does no damage.
The orc closely misses you. You block the orc's attack.
The orc priest looks satisfied for a moment.
There is an open door here.
The orc priest mumbles some strange prayers to Beogh against you.
Beogh smites you!
The orc priest looks satisfied for a moment.
The orc wizard gestures at you while chanting.
The magic dart hits you!
* * * LOW HITPOINT WARNING * * *
The orc wizard gestures wildly while chanting.
The orc wizard seems to speed up.
The orc priest miscasts a cantrip.
The orc wizard gestures at you while chanting.
The magic dart hits you!
* * * LOW HITPOINT WARNING * * *
The orc priest invokes the aid of Beogh against you.
Beogh smites you!
You die...

....(.# ......# ......# ......#
####### ......##############
.... ...................#
.8...# .<.................#
8#...#
................@.o######.....#
[.............................#
...................o..........#
#######.......................#
#.....#####'##................#
#.♣.♣.#......#........o.......#
'..∩..#......#................#
#.♣.♣.#......#.....######.....#
#.....#......#.....#....#.....#


You could see an orc priest, an orc wizard and an orc.

Vanquished Creatures
  Eustachio (D:4)
  A scorpion (D:4)
  A crimson imp (D:2)
  An orc priest (D:3)
  2 orc wizards (D:4)
  Ijyb (D:4)
  An adder (D:3)
  An ooze (D:1)
  2 worms
  2 dart slugs
  2 leopard geckos
  15 orcs
  4 giant cockroaches
  7 hobgoblins
  4 jackals (D:2)
  5 quokkas
  2 ball pythons
  6 bats
  5 frilled lizards
  8 goblins
  A jackal skeleton (D:4)
  7 kobolds
  12 rats
91 creatures vanquished.

Notes
Turn   | Place    | Note
-------+----------+-------------------------------------------
     0 | D:1      | Inarius the Draconian Venom Mage began the quest for the Orb.
     0 | D:1      | Reached XP level 1. HP: 14/14 MP: 3/3
   285 | D:1      | Reached XP level 2. HP: 19/20 MP: 1/5
   295 | D:1      | Learned a level 2 spell: Poisonous Vapours
   852 | D:1      | Gained mutation: You have sharp fingernails. [potion of mutation]
   852 | D:1      | Gained mutation: Scrolls take you a little longer to read. [potion of mutation]
   852 | D:1      | Gained mutation: You are frail. (-10% HP) [potion of mutation]
   852 | D:1      | Lost mutation: Scrolls take you a little longer to read. [potion of mutation]
  1277 | D:1      | Reached XP level 3. HP: 20/23 MP: 3/6
  1597 | D:2      | Lost mutation: You are frail. (-10% HP) [potion of mutation]
  1597 | D:2      | Lost mutation: You have sharp fingernails. [potion of mutation]
  1597 | D:2      | Gained mutation: Your muscles are strong. (Str +2) [potion of mutation]
  1597 | D:2      | Gained mutation: You are agile. (Dex +2) [potion of mutation]
  1597 | D:2      | Lost mutation: You are agile. (Dex +2) [potion of mutation]
  1597 | D:2      | Gained mutation: Your muscles are very strong. (Str +4) [potion of mutation]
  1643 | D:2      | Found a shattered altar of Ashenzari.
  1767 | D:2      | Found a white marble altar of Elyvilon.
  2472 | D:2      | Found a burning altar of Makhleb.
  2484 | D:2      | Reached skill level 1 in Shields
  2484 | D:2      | Reached skill level 1 in Air Magic
  2484 | D:2      | Reached XP level 4. HP: 32/33 MP: 8/8
  2509 | D:3      | Found an iron altar of Okawaru.
  2509 | D:3      | Found a bloodstained altar of Trog.
  2509 | D:3      | Found a deep blue altar of Sif Muna.
  2509 | D:3      | Found a blossoming altar of Fedhas.
  2518 | D:3      | Became a worshipper of Sif Muna the Loreminder
  2528 | D:3      | Learned a level 4 spell: Olgreb's Toxic Radiance
  2534 | D:3      | Reached skill level 1 in Evocations
  2754 | D:3      | Reached XP level 5. HP: 38/38 MP: 6/9
  2944 | D:3      | Found a sparkling altar of Nemelex Xobeh.
  3489 | D:3      | Lost mutation: Your muscles are very strong. (Str +4) [potion of mutation]
  3489 | D:3      | Lost mutation: Your muscles are strong. (Str +2) [potion of mutation]
  3489 | D:3      | Gained mutation: Your skin changes colour to match your surroundings (Stealth+). [potion of mutation]
  3489 | D:3      | Gained mutation: Your magical capacity is low. (-10% MP) [potion of mutation]
  3489 | D:3      | Lost mutation: Your magical capacity is low. (-10% MP) [potion of mutation]
  3489 | D:3      | Gained mutation: Your flesh is cold resistant. (rC+) [potion of mutation]
  3976 | D:4      | Noticed Ijyb
  3989 | D:4      | Killed Ijyb
  4123 | D:4      | Noticed Eustachio
  4126 | D:4      | Reached XP level 6. HP: 46/46 MP: 1/10
  4311 | D:4      | Killed Eustachio
  4311 | D:4      | Reached * piety under Sif Muna
  4413 | D:4      | Found Qoxaxun's Food Boutique.
  4570 | D:4      | Killed from afar by an orc priest

Skill      XL: |  1  2  3  4  5  6 |
---------------+-------------------+-----
Dodging        | 2 |  2.3
Shields        | 1 2 |  2.1
Conjurations   | 2 3 |  3.0
Air Magic      | 1 2 |  2.6
Evocations     | 1 |  1.7
Spellcasting   | 3 |  3.6
Fighting       | |  0.9
Stealth        | |  1.7
Poison Magic   | |  3.9

Action                   |  1- 3 |  4- 6 || total
-------------------------+-------+-------++-------
Melee: Hand axe          |    60 |     3 ||    63
       Tailslap          |     2 |     4 ||     6
       Falchion          |       |    34 ||    34
 Cast: Sting             |    72 |    24 ||    96
       Poisonous Vapours |     1 |    15 ||    16
       Olgreb's Toxic Ra |       |     4 ||     4
  Use: Scroll            |     7 |       ||     7
       Potion            |     2 |     1 ||     3
 Stab: Sleeping          |       |     2 ||     2
  Eat: Chunk             |     6 |     5 ||    11
       Fruit             |       |     2 ||     2
       Meat ration       |       |     1 ||     1
Armor: Skin              |    16 |    10 ||    26
Dodge: Dodged            |    37 |    29 ||    66
Block: Buckler           |     2 |     5 ||     7
       Rpst.: Falchion   |       |     8 ||     8
